 Dungeon Crawl Stone Soup version 0.23.2 (webtiles) character file.

Game seed: 13639811966212458669

282 Borgoz the Cutter (level 6, 0/37 HPs)
             Began as a Gargoyle Gladiator on Apr 9, 2019.
             Killed by divine providence
             ... invoked by an orc priest
              (10 damage)
             ... on level 4 of the Dungeon.
             The game lasted 00:05:05 (1979 turns).

Borgoz the Cutter (Gargoyle Gladiator)              Turns: 1979, Time: 00:05:06

Health: 0/37       AC: 15    Str: 18    XL:     6   Next: 28%
Magic:  6/6        EV: 12    Int:  8    God:
Gold:   140        SH:  0    Dex: 13    Spells: 5/5 levels left

rFire    + . .     SeeInvis .   a - +0 rapier
rCold    . . .     Gourm    +   (no shield)
rNeg     + . .     Faith    .   y - +3 ring mail {rF+}
rPois    ∞         Spirit   .   c - +0 helmet
rElec    +         Reflect  .   (no cloak)
rCorr    .         Harm     .   x - +0 pair of gloves
MR       +....                  (no boots)
Stlth    +.........             o - amulet of the gourmand
HPRegen  0.12/turn              v - ring of protection from magic
MPRegen  0.10/turn              (no ring)

@: no status effects
A: negative energy resistance 1, electricity resistance, unbreathing,
petrification resistance, rot immunity, AC +4
a: no special abilities


You were on level 4 of the Dungeon.
You were very full.

You visited 1 branch of the dungeon, and saw 4 of its levels.

You collected 140 gold pieces.

Inventory:

Hand Weapons
 a - a +0 rapier (weapon)
 m - a +0 dagger of speed
 q - a +0 rapier
Missiles
 d - 3 tomahawks (quivered)
Armour
 c - a +0 helmet (worn)
 x - a +0 pair of gloves (worn)
 y - a +3 ring mail of fire resistance (worn)
Jewellery
 o - an amulet of the gourmand (around neck)
 v - a ring of protection from magic (left hand)
Wands
 s - a wand of iceblast (6)
Scrolls
 b - a scroll of random uselessness {unknown}
 e - 4 scrolls of remove curse
 h - a scroll of amnesia {unknown}
 i - 4 scrolls of fear
 k - a scroll of noise {unknown}
 l - 2 scrolls of identify {unknown}
 r - a scroll of magic mapping {unknown}
 t - a scroll of immolation {unknown}
 w - 2 scrolls of blinking {unknown}
Potions
 g - a potion of heal wounds {unknown}
 n - a potion of mutation {unknown}
 u - a potion of lignification {unknown}
 z - a potion of agility
 A - a potion of curing {unknown}
Comestibles
 f - 5 rations


   Skills:
 + Level 3.2 Fighting
 * Level 4.0 Short Blades
 - Level 1.7 Throwing
 + Level 2.1 Armour
 * Level 3.6 Dodging
 + Level 2.4 Stealth


You had 5 spell levels left.
You didn't know any spells.
Your spell library contained the following spells:

 Spells                   Type           Power        Failure   Level  Hunger
 Magic Dart               Conj           #...         58%         1    ##.....
 Blink                    Tloc           N/A          75%         2    ###....
 Call Imp                 Summ           #.......     75%         2    ###....
 Slow                     Hex            #.......     75%         2    ###....
 Conjure Flame            Conj/Fire      #.......     92%         3    ####...
 Mephitic Cloud           Conj/Pois/Air  #.......     92%         3    ####...


Dungeon Overview and Level Annotations

Branches:
Dungeon (4/15)
 Temple: D:4-7

Altars:


Innate Abilities, Weirdness & Mutations

You are resistant to torment.
Your stone body is resilient. (AC +4)
You are immune to poison.
You resist negative energy. (rN+)
You are resistant to electric shocks. (rElec)
You can survive without breathing.
You are immune to petrification.
You are immune to rotting.


Message History

An orc and an orc priest come into view.
The orc is wielding a +1 war axe of freezing.
There are monsters nearby!
There are monsters nearby!
An orc and an orc priest come into view.
The orc priest shouts! x2; The orc shouts!
The orc priest mumbles some strange prayers to Beogh against you.
Beogh smites you!
You see here 9 gold pieces.
The orc priest calls down the wrath of Beogh upon you.
Beogh smites you!
* * * LOW HITPOINT WARNING * * *
The orc shouts!
You see here 7 gold pieces.
You are too injured to fight recklessly!
Unknown command.
You see here 9 gold pieces.
The orc priest calls down the wrath of Beogh upon you.
Beogh smites you!
You die...

. ####..
..#...
###......
###........
#.......... #
#..<#......
##.#..@.......
#..?........##
#..[..$..#....
##....$..# ...
###..o.......
###....###.
oo....#
..o.### #....#


You could see 2 orc priests and 2 orcs.

Vanquished Creatures
  A scorpion (D:3)
  A crimson imp (D:3)
  Jessica (D:2)
  Natasha (thrice) (D:3)
  Terence (D:3)
  An adder (D:3)
  2 worms (D:2)
  3 dart slugs
  2 leopard geckos
  An orc (D:3)
  4 giant cockroaches
  5 hobgoblins
  4 jackals (D:3)
  A quokka (D:2)
  7 bats
  4 frilled lizards
  6 goblins
  6 kobolds
  A quokka skeleton (D:3)
  6 rats
60 creatures vanquished.

Notes
Turn   | Place    | Note
-------+----------+-------------------------------------------
     0 | D:1      | Borgoz the Gargoyle Gladiator began the quest for the Orb.
     0 | D:1      | Reached XP level 1. HP: 12/12 MP: 1/1
    60 | D:1      | Reached XP level 2. HP: 11/17 MP: 2/2
   179 | D:1      | Reached skill level 3 in Short Blades
   485 | D:2      | Reached XP level 3. HP: 22/22 MP: 3/3
   590 | D:2      | Noticed Jessica
   596 | D:2      | Killed Jessica
   596 | D:2      | Reached skill level 1 in Armour
   596 | D:2      | Reached skill level 1 in Stealth
   596 | D:2      | Reached XP level 4. HP: 25/27 MP: 4/4
  1189 | D:3      | Noticed Natasha
  1207 | D:3      | Killed Natasha
  1348 | D:3      | Noticed Natasha
  1363 | D:3      | Killed Natasha
  1363 | D:3      | Reached XP level 5. HP: 20/32 MP: 5/5
  1519 | D:3      | Reached XP level 6. HP: 27/37 MP: 6/6
  1627 | D:3      | Noticed Natasha
  1634 | D:3      | Killed Natasha
  1836 | D:3      | Noticed Terence
  1861 | D:3      | Killed Terence
  1861 | D:3      | Reached skill level 4 in Short Blades
  1979 | D:4      | Killed from afar by an orc priest

Skill      XL: |  1  2  3  4  5  6 |
---------------+-------------------+-----
Short Blades   | 3 4 |  4.0
Armour         | 1 2 |  2.1
Stealth        | 1 2 |  2.4
Dodging        | 3 |  3.6
Fighting       | 3 |  3.2
Throwing       | |  1.7

Action                   |  1- 3 |  4- 6 || total
-------------------------+-------+-------++-------
Melee: Rapier            |    63 |   188 ||   251
Throw: Throwing net      |       |     4 ||     4
  Use: Potion            |       |     1 ||     1
       Scroll            |       |     2 ||     2
  Eat: Chunk             |       |    13 ||    13
Armor: Leather armour    |    23 |    13 ||    36
       Scale mail        |       |   103 ||   103
Dodge: Dodged            |    52 |   122 ||   174
